[Event "Live Chess"]
[Site "Chess.com"]
[Date "2024.06.02"]
[Round "-"]
[White "Tunyk_Vladyslav"]
[Black "JohanKjeldahl"]
[Result "1-0"]
[WhiteElo "2402"]
[BlackElo "1816"]
[TimeControl "300"]
[EndTime "1:56:59 PDT"]
[Termination "Tunyk_Vladyslav won on time"]

1. e4 c5 2. Nf3 e6 3. c3 d5 4. e5 Nc6 5. d4 cxd4 6. cxd4 Nge7 7. a3 Ng6 8. b4 a6 9. Nc3 Be7 10. Bd3 O-O 11. O-O f5 12. g3 Bd7 13. h4 Nh8 14.
Be3 Rc8 15. Rc1 Qe8 16. Na4 Qh5 17. Nb6 Rcd8 18. Nxd7 Rxd7 19. Bxa6 Nxb4 20. Bb5 Nc6 21. Bxc6 bxc6 22. Rxc6 Qg6 23. Qc2 Nf7 24. Rc7 Rxc7 25. Qxc7 Bxa3 26. Ra1 Bb2 27. Ra2 f4 28. Bxf4 Qb1+ 29.
Kg2 Qxa2 30. Qc6 Nd8 31. Qd7 Qa6 32. h5 Qc6 33. Qe7 Qe8 34. Qh4 Ba3 35. h6 Qe7 36.
Qg4 g6 37. Bg5 Qf7 38. Bf6 Be7 39. Ng5 Qe8 40. Bg7 Bxg5 41. Bxf8 Qxf8 42. Qxg5 Nf7 43. Qf6 Nxh6 44. Qxe6+ Qf7 45. Qxf7+ Kxf7 46. f4 Ke6 47.
Kf3 Kf5 48. Ke3 Ng4+ 49. Kf3 h5 50. Kg2 Ne3+ 51. Kh3 Nc2 52. Kh4 Nxd4 53. Kh3 Nf3 54. Kg2 Nd2 55. Kf2 Nc4 56. Ke2 h4 57. gxh4 Nb6 58. e6 Nc8 59. Kf3 d4 60. Ke2 Kxf4 61.
Kd3 Ke5 62. e7 Nxe7 63. Kd2 Nd5 64. Ke2 Ke4 65. Kf2 d3 66. Kg3 d2 67. Kg4 d1=Q+ 68. Kg5 1-0

[Event "Live Chess"]
[Site "Chess.com"]
[Date "2024.06.02"]
[Round "-"]
[White "TJ-W"]
[Black "upoe610"]
[Result "0-1"]
[WhiteElo "1571"]
[BlackElo "2179"]
[TimeControl "300"]
[EndTime "1:57:00 PDT"]
[Termination "upoe610 won by resignation"]

1. e4 e5 2. Nf3 Nc6 3. Bc4 Nf6 4. Ng5 d5 5. exd5 Nd4 6. d6 Qxd6 7. Nxf7 Qc6 8. O-O Qxc4 9. Nxh8 Bc5 10. d3 Qd5 11. Be3 Bg4 12. f3 Nxf3+ 13. gxf3 Bxe3+ 14. Kg2 O-O-O 15. Nc3 Qc6 16. Qe2 Bd4 17. Nf7 Nh5 18. Qe4 Nf4+ 19. Kh1 Bh3 20. Rg1 Bxg1 21. Kxg1 Qxe4 22.
fxe4 Re8 23. Kf2 Bd7 24. Kf3 Rf8 25. Nxe5 Ng6+ 26. Ke3 Nxe5 27. Nd5 c6 28. Nf4 Ng4+ 29. Kf3 g5 0-1

[Event "Live Chess"]
[Site "Chess.com"]
[Date "2024.06.02"]
[Round "-"]
[White "peteopeteo"]
[Black "A3ndrey9"]
[Result "1-0"]
[WhiteElo "1536"]
[BlackElo "1277"]
[TimeControl "300"]
[EndTime "1:57:02 PDT"]
[Termination "peteopeteo won on time"]

1. e4 c6 2. Nc3 d5 3. Nf3 d4 4. Ne2 Bg4 5. Ng3 Nf6 6. h3 Bxf3 7. Qxf3 e6 8. d3 Bb4+ 9. Bd2 Bxd2+ 10. Kxd2 Qa5+ 11.
c3 dxc3+ 12. bxc3 O-O 13. Be2 Qa3 14. Rhb1 b5 15. Rb3 Qd6 16. Qe3 Qe7 17. f4 Nbd7 18. f5 Nc5 19. Rb2 Rad8 20. Rd1 a5 21. Kc2 Na4 22.
Rb3 exf5 23. Nxf5 Qe5 24. Qg3 Qxg3 25. Nxg3 Nc5 26. Rb2 Rfe8 27. Nf5 Na4 28. Rb3 Nc5 29. Rb2 Na4 30. Rbb1 Re5 31. g4 Rc5 32. Rb3 b4 33. c4 Nb6 34. d4 Rxc4+ 35. Bxc4 Nxc4 36. d5 cxd5 37. exd5 Nxd5 38. Rxd5 Ne3+ 39. Nxe3 Rxd5 40. Nxd5 1-0

[Event "Live Chess"]
[Site "Chess.com"]
[Date "2024.06.02"]
[Round "-"]
[White "elephantgerrald"]
[Black "best137"]
[Result "0-1"]
[WhiteElo "851"]
[BlackElo "1509"]
[TimeControl "300"]
[EndTime "1:57:23 PDT"]
[Termination "best137 won by checkmate"]

1. e4 c6 2. Nf3 d5 3. exd5 cxd5 4. Nc3 Bg4 5. Be2 Nf6 6. d4 Nc6 7. O-O e6 8. h3 Bh5 9. Bg5 Be7 10. Qd3 O-O 11. b3 Bg6 12. Qe3 Ne4 13. Nxe4 Bxe4 14.
c3 Bxf3 15. Qxf3 Bxg5 16. Bd3 Qf6 17. Qh5 Qh6 18. Qf3 Rad8 19. c4 dxc4 20. Bxc4 Nxd4 21.
Qxb7 a5 22. Qa7 Nc6 23. Qb6 e5 24. Bd5 Rxd5 25. f4 Bxf4 26. g3 Be3+ 27. Qxe3 Qxe3+ 28. Rf2 Rfd8 29. Rf1 Rd1 30. h4 Rxf1+ 31. Kxf1 Rd1+ 32. Kg2 Rd2 33. Rxd2 Qxd2+ 34. Kh3 Qxa2 35. Kg4 Qxb3 36. Kh3 Qe6+ 37. Kg2 a4 38. Kh2 a3 39. Kg2 a2 40.
Kh2 a1=Q 41. Kg2 Qb2+ 42. Kf3 e4+ 43. Kf4 Qee5+ 44. Ke3 Qed4+ 45. Kf4 Qbf2+ 46. Kg5 h6+ 47. Kh5 Qf3+ 48. g4 Qe5# 0-1

[Event "Live Chess"]
[Site "Chess.com"]
[Date "2024.06.02"]
[Round "-"]
[White "GEMdzq"]
[Black "Queensandpawns"]
[Result "0-1"]
[WhiteElo "2292"]
[BlackElo "2278"]
[TimeControl "300"]
[EndTime "1:57:28 PDT"]
[Termination "Queensandpawns won by resignation"]

1. e4 e5 2. d4 Nf6 3. dxe5 Nxe4 4.
Bd3 Nc5 5. Nf3 Nc6 6. O-O Nxd3 7.
Qxd3 Bc5 8. Bg5 Be7 9. Be3 O-O 10. Nc3 d6 11. exd6 Bxd6 12. Ng5 g6 13. Rad1 Bf5 14. Qc4 Ne5 15. Qh4 h5 16. Bd4 Ng4 17. f4 c5 18.
Bf2 Qc7 19. Nd5 Qc6 20. h3 Nxf2 21. Qxf2 c4 22. Qh4 Rad8 23. Nf6+ Kg7 24. Ngh7 Be7 25.
Nxh5+ Kxh7 26. Qxe7 gxh5 27. Rxd8 Qb6+ 28. Kh2 Qxd8 29.
Qe5 Qd7 30. g4 Re8 31. Qxf5+ Qxf5 32. gxf5 Re2+ 33. Kg3 Rxc2 34. f6 Kg6 35. f5+ Kxf6 36.
Rf4 b5 37. a4 a6 38. axb5 axb5 39. Kh4 Rxb2 40. Kxh5 Rh2 41. Kg4 c3 42. Rf1 c2 43.
Kf4 b4 44. Ke4 b3 45. Kd3 b2 0-1

[Event "Live Chess"]
[Site "Chess.com"]
[Date "2024.06.02"]
[Round "-"]
[White "raimundklein"]
[Black "MasterCaptainHaddock"]
[Result "0-1"]
[WhiteElo "1582"]
[BlackElo "1811"]
[TimeControl "300"]
[EndTime "1:57:30 PDT"]
[Termination "MasterCaptainHaddock won by checkmate"]

1. e4 c6 2. Nf3 d5 3. exd5 cxd5 4.
Ne5 Nc6 5. Bb5 Qb6 6. Qf3 Nf6 7.
Ba4 e6 8. O-O Bd6 9. Nxc6 bxc6 10. c3 Bb7 11. d4 O-O 12. Bc2 Qc7 13. Nd2 Bxh2+ 14. Kh1 Bd6 15. Qh3 e5 16. dxe5 Bxe5 17. Nf3 Bf4 18. g3 Bxc1 19. Raxc1 c5 20. Ng5 d4+ 21. Kg1 h6 22. f4 Rae8 23. Nf3 dxc3 24.
bxc3 Qc6 25. Ne5 Qb6 26. c4 Qb2 27. g4 Qd4+ 28. Rf2 Rxe5 29. fxe5 Nxg4 30. Rf1 Nxf2 31.
Rxf2 Qxe5 32. Qd3 Qg5+ 33. Kh2 Qh4+ 34. Kg1 Qh1# 0-1

[Event "Live Chess"]
[Site "Chess.com"]
[Date "2024.06.02"]
[Round "-"]
[White "vincents82"]
[Black "juniortay"]
[Result "0-1"]
[WhiteElo "2003"]
[BlackElo "2390"]
[TimeControl "300"]
[EndTime "1:58:09 PDT"]
[Termination "juniortay won by resignation"]

1. e4 e5 2. Nf3 Nf6 3. Nxe5 Nc6 4. Nxc6 dxc6 5. d3 Bc5 6. Be2 h5 7. c3 Bb6 8. O-O Ng4 9. Bxg4 hxg4 10. Bf4 Be6 11. Bg3 Qe7 12. Qc2 O-O-O 13. Nd2 Rh5 14. d4 Rdh8 15. a4 a5 16. b4 f5 17. bxa5 Bxa5 18.
exf5 Bxf5 19. Qb3 g5 20. Nc4 Be6 21. Rae1 Bxc4 22. Qxc4 Qh7 23. Qe6+ Kb8 24. Qe5 Bxc3 25. h3 gxh3 26. Qe7 Bxe1 27. Bxc7+ Ka8 28. Qxe1 Qxc7 0-1

[Event "Live Chess"]
[Site "Chess.com"]
[Date "2024.06.02"]
[Round "-"]
[White "Tushinskiy"]
[Black "ggosyaa"]
[Result "1-0"]
[WhiteElo "2290"]
[BlackElo "586"]
[TimeControl "300"]
[EndTime "1:58:10 PDT"]
[Termination "Tushinskiy won by checkmate"]

1. d4 d5 2. c3 Nf6 3. Nf3 Bf5 4.
Bf4 e6 5. Bg3 Nc6 6. Nbd2 Be7 7.
e3 O-O 8. Bb5 Ne4 9. Nxe4 Bxe4 10.
O-O Bf6 11. Bxc6 bxc6 12. Qa4 Bd3 13. Rfe1 Qb8 14. b3 c5 15. Rac1 c4 16. b4 Qb7 17.
Qa5 Be4 18. Qxc7 Qxc7 19. Bxc7 Rac8 20. Bg3 a5 21. b5 Rb8 22. Bxb8 Rxb8 23. a4 Bxf3 24.
gxf3 e5 25. Kg2 exd4 26. exd4 h6 27. f4 g5 28. fxg5 Bxg5 29. Rcd1 Kg7 30. Kf3 f5 31.
Re5 Rd8 32. Rxf5 Be7 33. Rg1+ Kh7 34. Rf7+ Kh8 35. Rxe7 Rf8+ 36. Ke3 Rg8 37. Rxg8+ Kxg8 38. b6 Kf8 39. Rc7 Ke8 40. b7 Kd8 41. b8=Q# 1-0

[Event "Live Chess"]
[Site "Chess.com"]
[Date "2024.06.02"]
[Round "-"]
[White "jellhhggffhjjjjjj"]
[Black "LL220284LL"]
[Result "0-1"]
[WhiteElo "436"]
[BlackElo "2502"]
[TimeControl "300"]
[EndTime "1:58:35 PDT"]
[Termination "LL220284LL won by resignation"]

1. d4 Nf6 2. Nf3 c6 3. Bf4 d6 4.
e3 Bf5 5. c4 Nbd7 6. Nc3 h6 7.
Be2 e6 8. O-O Be7 9. d5 e5 10.
dxc6 bxc6 11. Bg3 O-O 12. b3 Nc5 13. b4 Nce4 14. Nxe4 Nxe4 15. Bd3 Nxg3 16. fxg3 e4 17. Nh4 Bh7 18. Be2 Rb8 19. Qe1 Qb6 20. a3 Qxe3+ 21. Qf2 Qxf2+ 22. Rxf2 a5 23. Rb1 axb4 24. axb4 e3 25.
Rf3 Bxb1 26. Nf5 Bxf5 27. Rxf5 Rxb4 28. Ra5 Rb1+ 29. Bf1 e2 0-1

[Event "Live Chess"]
[Site "Chess.com"]
[Date "2024.06.02"]
[Round "-"]
[White "TigerTank70"]
[Black "Keithdfg"]
[Result "1-0"]
[WhiteElo "2221"]
[BlackElo "1761"]
[TimeControl "300"]
[EndTime "1:58:38 PDT"]
[Termination "TigerTank70 won by resignation"]

1. e4 d6 2. d4 Nf6 3. Nc3 Nbd7 4.
Be2 e5 5. d5 Be7 6. f4 O-O 7.
Nf3 exf4 8. Bxf4 c6 9. O-O cxd5 10. Nxd5 Nxd5 11. Qxd5 Nf6 12. Qd4 Qb6 13. Qxb6 axb6 14.
Rfd1 Nxe4 15. a3 Be6 16. c3 d5 17. Nd4 Bc5 18. Bf3 f5 19. Kf1 g5 20. Nxe6 1-0

[Event "Live Chess"]
[Site "Chess.com"]
[Date "2024.06.02"]
[Round "-"]
[White "NAZRIZ1977"]
[Black "AndyJWise"]
[Result "1-0"]
[WhiteElo "2124"]
[BlackElo "1036"]
[TimeControl "300"]
[EndTime "1:58:50 PDT"]
[Termination "NAZRIZ1977 won by resignation"]

1. d4 Nf6 2. Nc3 g6 3. e4 d6 4. f3 Bg7 5. Be3 O-O 6. Qd2 e5 7. Nge2 Nc6 8. O-O-O a5 9. g4 a4 10. h4 exd4 11. Nxd4 Nxd4 12. Bxd4 c5 13. Bxc5 Nxe4 14.
Nxe4 Be6 15. Qxd6 Qxd6 16. Bxd6 Rfd8 17. Bb5 Bxa2 18. Ba3 Rxd1+ 19. Rxd1 Rc8 20. Kd2 Bc4 21. Bxc4 Rxc4 22. c3 Bh6+ 23. g5 Bg7 24. Kd3 Rc6 25. Re1 f5 26. gxf6 Bxf6 27. Nxf6+ Rxf6 28. Ke3 Re6+ 29. Kf2 Rxe1 30. Kxe1 1-0

[Event "Live Chess"]
[Site "Chess.com"]
[Date "2024.06.02"]
[Round "-"]
[White "MagnersCarlsberg2870"]
[Black "friarnator"]
[Result "0-1"]
[WhiteElo "1802"]
[BlackElo "2202"]
[TimeControl "300"]
[EndTime "1:58:50 PDT"]
[Termination "friarnator won by resignation"]

1. d4 Nf6 2. Nf3 g6 3. Nc3 d6 4. e4 Bg7 5. h3 a6 6. a4 O-O 7.
Bc4 c6 8. Qe2 d5 9. exd5 cxd5 10. Bd3 Nc6 11. O-O Nxd4 12. Nxd4 e5 13. Nb3 e4 14. Nxe4 dxe4 15. Bxe4 Re8 16. f3 Bf5 17. Bg5 Bxe4 18. fxe4 Qb6+ 19. Be3 Rxe4 20. Rf3 Nd5 21. Nc5 Nxe3 22. Rxe3 Qxc5 23. Re1 Rae8 0-1

[Event "Live Chess"]
[Site "Chess.com"]
[Date "2024.06.02"]
[Round "-"]
[White "ameetghasi100"]
[Black "Pandreq"]
[Result "1-0"]
[WhiteElo "2792"]
[BlackElo "1195"]
[TimeControl "300"]
[EndTime "1:59:05 PDT"]
[Termination "ameetghasi100 won by checkmate"]

1. c4 e5 2. d4 exd4 3. e3 dxe3 4.
Bxe3 Nc6 5. Nc3 Bb4 6. Nf3 d6 7. Be2 Bf5 8. O-O Nge7 9. Nd5 Nxd5 10. cxd5 Ne7 11. Qa4+ c6 12. Qxb4 cxd5 13. Bb5+ Bd7 14. Nd4 Nc6 15. Qxd6 a6 16. Rfe1 f6 17. Bh6+ Kf7 18.
Qxd5+ Kg6 19. Bd3+ Kxh6 20. Nf5+ Bxf5 21. Qxf5 g6 22.
Qf4+ Kg7 23. Rad1 Qb8 24. Qh4 Re8 25. Be4 Qc7 26. Re3 f5 27. Bxc6 Qxc6 28. Re7+ Rxe7 29. Qxe7+ Kh8 30. h4 Re8 31. Qf7 Qe6 32. Qxb7 Qe2 33. Rd7 Qe1+ 34. Kh2 Qe5+ 35. g3 f4 36. Rxh7+ Kg8 37.
Qf7# 1-0

[Event "Live Chess"]
[Site "Chess.com"]
[Date "2024.06.02"]
[Round "-"]
[White "Dhaydon19"]
[Black "dmitro74"]
[Result "1-0"]
[WhiteElo "2628"]
[BlackElo "1702"]
[TimeControl "300"]
[EndTime "1:59:26 PDT"]
[Termination "Dhaydon19 won by resignation"]

1. d4 e6 2. Nf3 d5 3. g3 c5 4. c3 cxd4 5. cxd4 Nc6 6. Bg2 Bb4+ 7.
Bd2 Bxd2+ 8. Qxd2 Nf6 9. Nc3 b6 10. Ne5 Bb7 11. O-O Rc8 12. Nxc6 Rxc6 13. Rac1 O-O 14.
Nb5 a6 15. Rxc6 Bxc6 16. Nc3 Qa8 17. Rc1 Rc8 18. e3 b5 19. Ne2 Bb7 20. Nf4 Ne4 21. Qe1 Rc4 22. Nd3 Qc8 23. Bxe4 Rxc1 24. Qxc1 Qxc1+ 25. Nxc1 dxe4 26. Nb3 Bc8 27. Nc5 f5 28. f3 exf3 29. Kf2 Kf7 30. Kxf3 g5 31.
h4 h6 32. h5 Ke7 33. e4 Kd6 34.
Ke3 a5 35. a3 Kc6 36. Nd3 Bb7 37. Ne5+ Kb6 38. exf5 exf5 39. Nf7 b4 40. axb4 a4 41. Nxh6 Kb5 42. Nxf5 Kxb4 43. h6 Kb3 44. h7 Kxb2 45.
h8=Q a3 46. d5+ Kb1 47. Qc3 a2 48. Qb4+ Kc1 49. Nd4 a1=Q 50. Nb3+ Kb2 51. Nxa1+ Kxa1 52. Qxb7 1-0

[Event "Live Chess"]
[Site "Chess.com"]
[Date "2024.06.02"]
[Round "-"]
[White "missedJariChance"]
[Black "lateforthesky"]
[Result "0-1"]
[WhiteElo "1356"]
[BlackElo "2070"]
[TimeControl "300"]
[EndTime "2:00:05 PDT"]
[Termination "lateforthesky won by resignation"]

1. b3 e5 2. Bb2 Nc6 3. Nf3 d6 4. e3 g6 5. Be2 Bg7 6. O-O Nge7 7. c4 O-O 8. d4 e4 9. Nfd2 f5 10. Nc3 Kh8 11. Qc2 Nb4 12. Qc1 d5 13. a3 Nbc6 14. cxd5 Nxd5 15. Nb5 a6 16. Nc3 Nce7 17.
Bc4 c6 18. Na4 Be6 19. Nc5 Bc8 20. h3 b6 21. Bxd5 bxc5 22. Bc4 cxd4 23. exd4 Bxd4 24.
Rd1 Qb6 25. Bxd4+ Qxd4 26. Nf3 Qf6 27. Ng5 h6 28. Ne6 Bxe6 29. Qxh6+ Kg8 30. Rd6 Qxa1+ 31. Kh2 Qe5+ 0-1

[Event "Live Chess"]
[Site "Chess.com"]
[Date "2024.06.02"]
[Round "-"]
[White "KeithArkell"]
[Black "JanMur7"]
[Result "1-0"]
[WhiteElo "2405"]
[BlackElo "2269"]
[TimeControl "300"]
[EndTime "2:00:14 PDT"]
[Termination "KeithArkell won by resignation"]

1. d4 Nf6 2. Nf3 d5 3. c4 e6 4. cxd5 exd5 5. Nc3 Be7 6. Bg5 h6 7. Bxf6 Bxf6 8. b4 c6 9. e3 Bg4 10. Be2 O-O 11. O-O Nd7 12. b5 Rb8 13. bxc6 bxc6 14. Rc1 Qa5 15. Na4 Rfc8 16. Nc5 Nxc5 17. Rxc5 Qxa2 18.
h3 Bf5 19. Bd3 Bxd3 20. Qxd3 Qb3 21. Qxb3 Rxb3 22. Rfc1 Rb6 23. Rxd5 cxd5 24. Rxc8+ Kh7 25. Rc5 Rb1+ 26. Kh2 Rf1 27. Kg3 h5 28. h4 Bd8 29.
Rxd5 Bc7+ 30. Ne5 f6 31. Rd7 Rc1 32. f4 fxe5 33. fxe5 Kg6 34. Kf4 a5 35. d5 a4 36.
d6 Bb6 37. Rb7 a3 38. Rxb6 a2 39. d7+ Kh7 40. Ra6 Rd1 41. e6 1-0

[Event "Live Chess"]
[Site "Chess.com"]
[Date "2024.06.02"]
[Round "-"]
[White "elis06"]
[Black "EdenHazard8"]
[Result "1-0"]
[WhiteElo "2190"]
[BlackElo "2192"]
[TimeControl "300"]
[EndTime "2:00:31 PDT"]
[Termination "elis06 won by resignation"]

1. e4 c6 2. Nf3 d5 3. Nc3 dxe4 4. Nxe4 Nf6 5. Qe2 Nxe4 6. Qxe4 Qa5 7. Bc4 Bf5 8. Qf4 e6 9. c3 Nd7 10. O-O Be7 11.
d4 O-O 12. Bd2 Rad8 13. Rfe1 Nb6 14. Bb3 Nd5 15. Qg3 Bd6 16. Qh4 Qc7 17. h3 Be7 18.
Bg5 Bxg5 19. Qxg5 h6 20. Qd2 Nf4 21. Ne5 Ng6 22. Qe2 Nxe5 23. Qxe5 Qb6 24. Rad1 a5 25. Rd2 Rd7 26. Re3 Rfd8 27. Rg3 Bg6 28. Bxe6 Re8 29. Bxf7+ Kxf7 30. Qf4+ Kg8 31. Rxg6 Rf7 32. Qg3 Qb5 33. Rd1 Qxb2 34. Rxh6 Qxa2 35. Rf1 a4 36. Rh4 a3 37. Qg6 Rf6 38. Qxe8+ 1-0

[Event "Live Chess"]
[Site "Chess.com"]
[Date "2024.06.02"]
[Round "-"]
[White "ggosyaa"]
[Black "jellhhggffhjjjjjj"]
[Result "0-1"]
[WhiteElo "575"]
[BlackElo "482"]
[TimeControl "300"]
[EndTime "2:01:10 PDT"]
[Termination "jellhhggffhjjjjjj won by resignation"]

1. d4 c5 2. d5 d6 3. Nc3 e6 4. Bf4 Nf6 5. e4 Bd7 6. Nf3 exd5 7. exd5 Bg4 8. Be2 Be7 9. O-O Nbd7 10. Ng5 Bxe2 11. Qxe2 h6 12. Nge4 Nxe4 13. Qxe4 O-O 14. Qf3 Bg5 15. Bxd6 Re8 16. Bxc5 Nxc5 17. Nb1 Qf6 18.
Qe2 Rxe2 0-1

[Event "Live Chess"]
[Site "Chess.com"]
[Date "2024.06.02"]
[Round "-"]
[White "GEMdzq"]
[Black "ProfPoisson"]
[Result "1-0"]
[WhiteElo "2292"]
[BlackElo "1333"]
[TimeControl "300"]
[EndTime "2:01:11 PDT"]
[Termination "GEMdzq won by resignation"]

1. e4 e5 2. d4 exd4 3. c3 dxc3 4. Bc4 cxb2 5. Bxb2 d5 6. Bxd5 Nf6 7. Bxf7+ Kxf7 8. Qxd8 Bb4+ 9. Qd2 Bxd2+ 10. Nxd2 Re8 11. Ngf3 Nc6 12. O-O Be6 13. Ng5+ Kg6 14. Nxe6 Rxe6 15.
f4 Kf7 16. e5 Nd7 17. Ne4 Kg8 18. Rad1 Nb6 19. f5 Rh6 20. f6 gxf6 21. Nxf6+ Kh8 22. e6 Ne7 23. Ng4+ 1-0

[Event "Live Chess"]
[Site "Chess.com"]
[Date "2024.06.02"]
[Round "-"]
[White "NAZRIZ1977"]
[Black "MagnersCarlsberg2870"]
[Result "0-1"]
[WhiteElo "2110"]
[BlackElo "1816"]
[TimeControl "300"]
[EndTime "2:01:11 PDT"]
[Termination "MagnersCarlsberg2870 won by resignation"]

1. d4 Nf6 2. Nf3 b6 3. e3 Bb7 4. Nbd2 g6 5. g3 Bg7 6. Bg2 O-O 7. O-O d6 8. b3 Nbd7 9. Bb2 Re8 10. c4 Rb8 11. d5 e5 12. dxe6 fxe6 13. Nh4 Bxg2 14.
Nxg2 e5 15. Qc2 Ng4 16. h3 Nh6 17. Rfe1 Qf6 18. f4 Qe6 19. Rad1 Qxh3 20. Nf3 Ng4 0-1

[Event "Live Chess"]
[Site "Chess.com"]
[Date "2024.06.02"]
[Round "-"]
[White "AndyJWise"]
[Black "bill77678"]
[Result "0-1"]
[WhiteElo "1036"]
[BlackElo "1834"]
[TimeControl "300"]
[EndTime "2:01:21 PDT"]
[Termination "bill77678 won by checkmate"]

1. d4 d5 2. c4 e6 3. Nc3 Nf6 4.
Bg5 dxc4 5. e4 c5 6. e5 cxd4 7. exf6 gxf6 8. Bh4 Be7 9. Ne4 Bb4+ 10. Nd2 c3 11.
bxc3 dxc3 12. Rb1 cxd2+ 13. Ke2 Nc6 14. Rxb4 Nxb4 15. Nf3 Qd3# 0-1

[Event "Live Chess"]
[Site "Chess.com"]
[Date "2024.06.02"]
[Round "-"]
[White "Brooms1989"]
[Black "AnotherOneBadPlayer"]
[Result "0-1"]
[WhiteElo "1156"]
[BlackElo "2198"]
[TimeControl "300"]
[EndTime "2:01:35 PDT"]
[Termination "AnotherOneBadPlayer won by resignation"]

1. e4 c5 2. Be2 Nc6 3. d3 g6 4. f4 Bg7 5. Nf3 d6 6. O-O Nf6 7. c3 O-O 8. Kh1 b5 9. a3 a5 10. Qe1 Bb7 11. Qh4 c4 12. f5 cxd3 13.
Bxd3 b4 14. fxg6 fxg6 15. Bh6 Ne5 16. Bxg7 Nxf3 17. Rxf3 Kxg7 18. Nd2 bxc3 19. bxc3 Qc7 20. c4 Qc5 21. Raf1 Qh5 22. Qxh5 Nxh5 23. Rxf8 Rxf8 24. Rxf8 Kxf8 25. Nb3 a4 26. Nd4 Nf4 27. Bc2 e5 28.
Nb5 Ke7 29. g3 Ne6 30. Kg1 Nc5 31. Kf2 Bxe4 32. Bxe4 Nxe4+ 33. Ke3 Nc5 34. Kd2 Ke6 35.
Kc3 h5 36. Kb4 e4 37. Nc3 e3 38. Ne2 g5 39. Kb5 Ke5 40. Kc6 h4 41. gxh4 gxh4 42.
h3 Ne4 43. Kb5 Nc5 44. Kc6 Nb3 45. Kb5 Nd4+ 0-1

[Event "Live Chess"]
[Site "Chess.com"]
[Date "2024.06.02"]
[Round "-"]
[White "Eva3337"]
[Black "elephantgerrald"]
[Result "1-0"]
[WhiteElo "1183"]
[BlackElo "847"]
[TimeControl "300"]
[EndTime "2:01:52 PDT"]
[Termination "Eva3337 won by checkmate"]

1. e4 e5 2. Nf3 Nc6 3. c3 Nf6 4. Bd3 Bc5 5. Bc2 Ng4 6. O-O O-O 7. h3 Nxf2 8. Rxf2 Bxf2+ 9. Kxf2 d6 10. d4 exd4 11. Nxd4 Nxd4 12. cxd4 Qf6+ 13. Kg1 Qxd4+ 14. Qxd4 c5 15. Qxd6 Be6 16. Be3 h6 17. Qxc5 Rac8 18. Qxa7 Rxc2 19. Nc3 Rxb2 20. Nd5 Bxd5 21. exd5 Re8 22.
Bd4 Ree2 23. Bxb2 Rxb2 24. Qb8+ Kh7 25. d6 Rxg2+ 26. Kxg2 f5 27. d7 g5 28. Qd6 b5 29.
d8=Q Kg7 30. Q8c7+ Kg8 31. Qdd8# 1-0

[Event "Live Chess"]
[Site "Chess.com"]
[Date "2024.06.02"]
[Round "-"]
[White "DavrosLight"]
[Black "blunderabit"]
[Result "0-1"]
[WhiteElo "787"]
[BlackElo "1774"]
[TimeControl "300"]
[EndTime "2:02:03 PDT"]
[Termination "blunderabit won by checkmate"]

1. e4 c5 2. Nf3 d6 3. h3 Nc6 4.
Nc3 g6 5. d4 cxd4 6. Nxd4 Bg7 7. Nxc6 bxc6 8. Bd2 Nf6 9. Bd3 Rb8 10. O-O Rxb2 11. Bc1 Rb8 12. Bg5 h6 13. Bf4 Qa5 14. Bd2 Qc7 15. f3 O-O 16. Qe2 Be6 17. Rfe1 Nd7 18.
Kh2 Nc5 19. g4 Kh7 20. a4 Rb2 21. Bc1 Bxc3 22. Bxb2 Bxb2 23. Rab1 Be5+ 24. Kg2 Rb8 25. Rxb8 Qxb8 26. Bc4 Qb2 27. Bxe6 Nxe6 28. Qf2 Nd4 29. c4 Qa3 30. h4 Ne6 31. Qxa7 Nf4+ 32. Kg1 Qxf3 33.
Qf2 Bd4 34. Re3 Bxe3 35. Qxe3 Qg2# 0-1

[Event "Live Chess"]
[Site "Chess.com"]
[Date "2024.06.02"]
[Round "-"]
[White "Zhevzh1k7"]
[Black "seasidecastle27"]
[Result "1-0"]
[WhiteElo "1113"]
[BlackElo "1915"]
[TimeControl "300"]
[EndTime "2:02:43 PDT"]
[Termination "Zhevzh1k7 won by checkmate"]

1. e4 e6 2. d4 d5 3. exd5 exd5 4. Nc3 Nf6 5. Nf3 Be7 6. Be2 O-O 7. O-O Bg4 8. Bg5 c6 9. h3 Bh5 10. Qd3 Bg6 11. Qd2 Nbd7 12. Ne5 Re8 13. Nxg6 hxg6 14. Bxf6 Bxf6 15. Rfe1 Qc7 16. Bg4 Nf8 17. Re2 Rxe2 18. Nxe2 Re8 19. Re1 Qe7 20. Kf1 Bg5 21. f4 Bh4 22. g3 Bf6 23. c3 Qe4 24. Ng1 Qxe1+ 25. Qxe1 Rxe1+ 26. Kxe1 Ne6 27. Ke2 Kf8 28. Nf3 Ke8 29. Kd3 Kd8 30. h4 Be7 31. Ne5 f5 32.
Bh3 Nf8 33. c4 dxc4+ 34. Kxc4 Bf6 35. b4 Kc7 36. Kc5 b6+ 37. Kc4 a6 38. a4 Kd6 39.
Bg2 Bxe5 40. fxe5+ Kd7 41. d5 cxd5+ 42. Kxd5 Ne6 43. Bf1 Nc7+ 44. Kd4 Ke6 45. b5 axb5 46. Bxb5 Ke7 47. Be2 Ne6+ 48. Kd5 Nc5 49. Bb5 Ne4 50. Kc6 Nxg3 51. Kxb6 f4 52. a5 Ne4 53. a6 f3 54.
a7 f2 55. a8=Q g5 56. Qe8# 1-0

[Event "Live Chess"]
[Site "Chess.com"]
[Date "2024.06.02"]
[Round "-"]
[White "StoreySniper"]
[Black "ACM42"]
[Result "1-0"]
[WhiteElo "2514"]
[BlackElo "2165"]
[TimeControl "300"]
[EndTime "2:03:07 PDT"]
[Termination "StoreySniper won by resignation"]

1. e4 e6 2. d4 d5 3. Nd2 Nf6 4. e5 Nfd7 5. f4 c5 6. c3 Nc6 7.
Ndf3 Qb6 8. Nh3 a5 9. Kf2 f6 10. Kg3 Be7 11. Bd3 h5 12. Qe2 cxd4 13. cxd4 f5 14.
Be3 Nb4 15. Bb1 Qa6 16. Qd2 Nb6 17. b3 Bd7 18. a3 Nc6 19. Bd3 Qa7 20. Nhg5 a4 21.
b4 Nd8 22. Rhc1 Nf7 23. h4 Nxg5 24. Nxg5 Bxg5 25. hxg5 g6 26. Kf2 Ke7 27. Rc5 Rhc8 28. Rac1 Bc6 29. b5 Bd7 30. Qb4 Qa5 31. Qb2 Nc4 32.
Bxc4 Rxc5 33. dxc5 dxc4 34. c6 bxc6 35. b6 Qb5 36. Qc3 Ra5 37. Rc2 c5 38. Rb2 Qa6 39. b7 Rb5 40. b8=Q Rxb8 41. Rxb8 1-0

[Event "Live Chess"]
[Site "Chess.com"]
[Date "2024.06.02"]
[Round "-"]
[White "bill77678"]
[Black "Brooms1989"]
[Result "1-0"]
[WhiteElo "1834"]
[BlackElo "1156"]
[TimeControl "300"]
[EndTime "2:03:10 PDT"]
[Termination "bill77678 won by resignation"]

1. e4 e5 2. Nf3 Nc6 3. d4 exd4 4. Bc4 Nf6 5. e5 d5 6. Bb5 Nd7 7. Bxc6 bxc6 8. O-O Bc5 9. Bg5 f6 10. exf6 Nxf6 11.
Re1+ Be7 12. Nxd4 O-O 13. Nxc6 Qd6 14. Nxe7+ 1-0

[Event "Live Chess"]
[Site "Chess.com"]
[Date "2024.06.02"]
[Round "-"]
[White "RichardABates"]
[Black "CarmelJane"]
[Result "0-1"]
[WhiteElo "2345"]
[BlackElo "2055"]
[TimeControl "300"]
[EndTime "2:03:11 PDT"]
[Termination "CarmelJane won by resignation"]

1. d4 g6 2. Nf3 Bg7 3. c4 c5 4.
d5 d6 5. Nc3 a6 6. e4 Nf6 7. h3 e6 8. Bd3 exd5 9. exd5 O-O 10.
O-O b5 11. cxb5 Nbd7 12. bxa6 Bxa6 13. Bf4 c4 14. Bc2 Nc5 15. Nd4 Nh5 16. Nc6 Qd7 17.
Bh2 Rfe8 18. Qd2 Nd3 19. Bxd3 cxd3 20. Rfe1 Bc4 21. Rxe8+ Rxe8 22. Re1 Bxc3 23. Qxc3 Bxd5 24. Nb4 Rxe1+ 25. Qxe1 Bc4 26. Qc3 Qe6 27. Nxd3 Bxd3 28. Qxd3 Qxa2 29. Qxd6 Qb1+ 0-1

[Event "Live Chess"]
[Site "Chess.com"]
[Date "2024.06.02"]
[Round "-"]
[White "silunn"]
[Black "matt1979"]
[Result "1-0"]
[WhiteElo "2201"]
[BlackElo "1406"]
[TimeControl "300"]
[EndTime "2:03:58 PDT"]
[Termination "silunn won by resignation"]

1. e4 d6 2. Nf3 Nf6 3. Nc3 e5 4. Bc4 Be7 5. d3 O-O 6. O-O c6 7. a4 Qc7 8. Bg5 Bg4 9. h3 Bh5 10. Nb1 Nbd7 11. Nbd2 b6 12. c3 a6 13. a5 b5 14. Bb3 Nc5 15. Bc2 Ne6 16. Bh4 Nf4 17. Qe1 Qd7 18. Nh2 h6 19. Bg3 Ng6 20. Bd1 Bxd1 21.
Rxd1 Nh5 22. Qe3 Nxg3 23. Qxg3 Bh4 24. Qg4 Qxg4 25. Nxg4 Bg5 26. Nf3 Be7 27. Ne3 Nf4 28. Nf5 Ng6 29. h4 h5 30. g3 Rad8 31. d4 Rfe8 32.
dxe5 Nxe5 33. Nxe5 dxe5 34. Nxe7+ Kf8 35. Nxc6 Rc8 36.
Nb4 1-0